 Seeded DCSS version 0.28-a0-895-g6e5f11bd55 (webtiles) character file.

Game seed: 20211123 (custom seed)

821 a11behringer the Chopper (level 7, -2/60 HPs)
             Began as a Hill Orc Cinder Acolyte on Nov 23, 2021.
             Was a High Priest of Ignis.
             Slain by a wraith (8 damage)
             ... on level 5 of the Dungeon.
             The game lasted 00:20:14 (4723 turns).

a11behringer the Chopper (Hill Orc Cinder Acolyte)  Turns: 4723, Time: 00:20:16

Health: -2/60      AC:  6    Str: 18    XL:     7   Next: 95%
Magic:  6/10       EV: 15    Int: 15    God:    Ignis [*****.]
Gold:   138        SH:  0    Dex:  6    Spells: 9/11 levels left

rFire   + . .      SeeInvis .   a - +2 hand axe (flame)
rCold   . . .      Faith    .   (no shield)
rNeg    . . .      Spirit   .   e - +0 leather armour
rPois   .          Reflect  .   m - +0 helmet
rElec   .          Harm     .   (no cloak)
rCorr   .          Rampage  .   k - +0 pair of gloves
Will    .....                   o - +0 pair of boots
Stlth   +.........              y - amulet of regeneration
HPRegen 1.20/turn               C - +4 ring of slaying
MPRegen 0.12/turn               n - +4 ring of evasion

@: slowed, very slow
A: no striking features
a: Renounce Religion, Sea of Fire, Foxfire Swarm, Rising Flame


You were on level 5 of the Dungeon.
You worshipped Ignis.
Ignis was extremely pleased with you.
You visited 1 branch of the dungeon, and saw 5 of its levels.

You collected 138 gold pieces.

Inventory:

Hand Weapons
 a - a +2 hand axe of flaming (weapon)
 t - a +0 vorpal morningstar
Missiles
 B - 2 throwing nets (quivered)
Armour
 b - a +0 robe
 e - a +0 leather armour (worn)
 k - a +0 pair of gloves (worn)
 m - a +0 helmet (worn)
 o - a +0 pair of boots (worn)
 r - a +0 plate armour
Jewellery
 g - a ring of wizardry
 n - a +4 ring of evasion (right hand)
 y - an amulet of regeneration (around neck)
 A - a ring of see invisible
 C - a +4 ring of slaying (left hand)
Wands
 l - a wand of polymorph (5)
 x - a wand of digging (6)
Potions
 c - a potion of mutation {unknown}
 d - a potion of magic {unknown}
 f - 2 potions of heal wounds {unknown}
 h - a potion of resistance {unknown}
 i - 3 potions of might
 j - 2 potions of invisibility {unknown}
 p - a potion of flight {unknown}
 q - a potion of attraction {unknown}
 s - 2 potions of lignification {unknown}
 u - a potion of ambrosia {unknown}
 v - a potion of degeneration {unknown}
 w - a potion of curing {unknown}
 z - 2 potions of brilliance {unknown}


   Skills:
 + Level 4.3 Fighting
 * Level 7.3 Axes
 + Level 3.2 Armour
 + Level 1.3 Stealth
 + Level 2.5 Spellcasting
 * Level 6.2 Fire Magic


You had 9 spell levels left.
You knew the following spells:

 Your Spells              Type           Power      Damage    Failure   Level
a - Scorch                Fire           40%        2d7       3%          2

Your spell library contained the following spells:

 Spells                   Type           Power      Damage    Failure   Level
 Dazzling Flash           Conj/Hex       2%         N/A       58%         3
 Iskenderun's Mystic Bla  Conj/Tloc      1%         2d3       94%         4
 Starburst                Conj/Fire      5%         6d4       100%        6


Dungeon Overview and Level Annotations

Branches:
Dungeon (5/15)             Temple (0/1) D:4

Altars:

Shops:
D:3 !   D:4 (


Message History

The orc wizard closely misses you. The orc misses you.
You barely miss the wraith. You hit the orc wizard. You burn the orc wizard.
You slash the orc priest! You burn the orc priest.
You kill the orc priest!
You hit the orc but do no damage. You barely miss the gnoll.
Something barely misses you. The gnoll misses you.
The wraith barely misses you. Something hits you but does no damage.
The orc wizard closely misses you. The orc completely misses you.
You slash the wraith! You burn the wraith.
The wraith is moderately damaged.
You hit something but do no damage. You hit the orc wizard.
You burn the orc wizard.
You kill the orc wizard!
You barely miss the orc. You hit the gnoll. You burn the gnoll.
Something hits you! The gnoll hits you but does no damage.
The wraith closely misses you. The orc hits you with a +0 mace.
You hit the wraith. You burn the wraith.
The wraith is heavily damaged.
You barely miss the gnoll. You hit the orc. You burn the orc.
You kill the orc!
The gnoll closely misses you. The wraith hits you. Something barely misses you.
You barely miss the wraith.
The wraith is heavily damaged.
You completely miss the gnoll. You hit something but do no damage.
Something barely misses you. Something completely misses you.
The gnoll hits you with a +0 flail. The wraith hits you.
You hit the wraith but do no damage.
The wraith is heavily damaged.
You closely miss something. You hit the gnoll. You burn the gnoll.
Something hits you but does no damage. x2; The gnoll closely misses you.
The wraith hits you!
* * * LOW HITPOINT WARNING * * *
The wraith drains your vigour!
You feel yourself slow down.
Casting: Scorch (safe; 3% risk of failure)
Confirm with . or Enter, or press ? or * to list all spells.
Flames lash something.
Something hits you but does no damage. The gnoll hits you with a +0 flail!
* * * LOW HITPOINT WARNING * * *
The wraith closely misses you. The wraith hits you!
You die...

#### #...#.....###
#.....#####..##.....#
###.###.........#.<...#
....!....##...#.......#
......................#
......)).)..#####.....###
.......[....# #.).....#
.......).(.## #.....#.#
.......)@W.# #.....#..
...†...)g.## #.....# .
....†...$..# #######
....(..)..?.#
.......).....#
...............
....<..........#
..>.........##..
...........##


You could see a wraith and a gnoll.

Vanquished Creatures
  An ice beast (D:4)
  An ogre (D:5)
  A centaur (D:5)
  A phantom (D:4)
  2 orc priests
  A gnoll shaman (D:5)
  Jessica (D:2)
  2 iguanas (D:4)
  3 orc wizards
  Natasha (twice) (D:4)
  Robin (D:2)
  2 gnolls (D:5)
  3 adders
  2 ufetubi
  An adder skeleton (D:4)
  3 worms
  3 dart slugs
  13 orcs
  7 bats
  9 endoplasms
  5 giant cockroaches
  13 goblins
  9 hobgoblins
  7 jackals
  9 kobolds
  3 quokkas
  3 ball pythons
  5 frilled lizards
  7 rats
120 creatures vanquished.

Vanquished Creatures (collateral kills)
  A goblin (D:2)
1 creature vanquished.

Vanquished Creatures (others)
  36 foxfires (D:5)
36 creatures vanquished.

Grand Total: 157 creatures vanquished

Notes
Turn   | Place    | Note
-------+----------+-------------------------------------------
     0 | D:1      | a11behringer the Hill Orc Cinder Acolyte began the quest
                  | for the Orb.
     0 | D:1      | Reached XP level 1. HP: 19/19 MP: 2/2
   441 | D:1      | Reached XP level 2. HP: 21/27 MP: 3/3
   655 | D:1      | Learned a level 2 spell: Scorch
   870 | D:1      | Found a faded altar of an unknown god.
  1075 | D:1      | Reached XP level 3. HP: 33/33 MP: 4/4
  1570 | D:2      | Reached skill level 5 in Axes
  1579 | D:2      | Reached skill level 1 in Armour
  1579 | D:2      | Reached XP level 4. HP: 34/40 MP: 5/5
  1715 | D:2      | Noticed Robin
  1734 | D:2      | Killed Robin
  2024 | D:2      | Noticed Jessica
  2026 | D:2      | Killed Jessica
  2213 | D:2      | Reached XP level 5. HP: 46/46 MP: 1/6
  3190 | D:3      | Found Plog's Distillery.
  3427 | D:4      | Noticed an ice beast
  3435 | D:4      | Killed an ice beast
  3436 | D:4      | Reached skill level 6 in Axes
  3436 | D:4      | Reached XP level 6. HP: 52/52 MP: 0/8
  3765 | D:4      | Found a staircase to the Ecumenical Temple.
  4151 | D:4      | Found Cira's Weapon Shoppe.
  4214 | D:4      | Reached skill level 5 in Fire Magic
  4229 | D:4      | Reached XP level 7. HP: 47/59 MP: 1/10
  4504 | D:4      | Noticed Natasha
  4508 | D:4      | Killed Natasha
  4509 | D:4      | Reached skill level 1 in Stealth
  4544 | D:4      | Noticed Natasha
  4550 | D:4      | Killed Natasha
  4618 | D:5      | Entered Level 5 of the Dungeon
  4657 | D:5      | Reached skill level 7 in Axes
  4663 | D:5      | Noticed a wraith
  4723 | D:5      | Slain by a wraith

Illustrated notes

Levels and vault maps discovered:
D:1:      wander_arrival_chamber, layout_loops_ring,
          ebering_ecumenical_altar_abandoned, serial_park_tiny_2
D:2:      cheibrodos_helix_gallery, layout_basic, chequers_avenue, uniq_jessica,
          uniq_robin
D:3:      kennysheep_six_static_rooms, layout_loops_ring, serial_shops, shop
D:4:      layout_cave_pods, minmay_temple_entry_trees, serial_shops,
          kennysheep_little_box, uniq_natasha
D:5:      layout_rooms

Skill      XL: |  1  2  3  4  5  6  7 |
---------------+----------------------+-----
Fighting       | 4 |  4.3
Axes           | 5 6 7 |  7.3
Armour         | 1 2 3 |  3.2
Fire Magic     | 4 5 6 |  6.2
Spellcasting   | 2 |  2.5
Stealth        | 1 |  1.3

Action                   |  1- 3 |  4- 6 |  7- 9 || total
-------------------------+-------+-------+-------++-------
Melee: Hand axe          |   104 |    90 |    25 ||   219
 Cast: Scorch            |     2 |    37 |    12 ||    51
Invok: Foxfire Swarm     |       |       |     2 ||     2
  Use: Scroll            |     3 |     6 |       ||     9
Armor: Robe              |     5 |       |       ||     5
       Leather armour    |    18 |    11 |    11 ||    40
Dodge: Dodged            |    60 |    51 |    32 ||   143

Table legend: (Time is in decaauts)
 A = Elapsed time spent in this place.
 B = Non-inter-level travel time spent in this place.
 C = Inter-level travel time spent in this place.
 D = Time resting spent in this place.
 E = Time spent auto-exploring this place.
 F = Levels seen in this place.
 G = Mean time per level.
                   A        B        C        D        E       F      G
               +--------+--------+--------+--------+--------+-----+--------+
         Total |   4730 |   4254 |    476 |      0 |   3563 |   5 |  946.0 |
       Dungeon |   4730 |   4254 |    476 |      0 |   3563 |   5 |  946.0 |
               +--------+--------+--------+--------+--------+-----+--------+

Top non-repeatable levels by time:
     D:1: 1550 daAuts
     D:4: 1235 daAuts
     D:3: 976 daAuts
     D:2: 909 daAuts
     D:5: 58 daAuts
